 Dungeon Crawl Stone Soup version bcrawl-1.40.3b (webtiles) character file.

Game seed: 13306286952226821748

305933 Amelense the Cudgeler (level 4, -1/49 HPs)
             Began as an Ent Monk on Feb 8, 2024.
             Slain by an adder (2 damage)
             ... on level 3 of the Dungeon.
             The game lasted 00:04:22 (430 turns).

Amelense the Cudgeler (Ent Monk)                     Turns: 430, Time: 00:04:23

Health: -1/49      AC: 11    Str: 18    XL:     4   Next: 73%
Magic:  0/5        EV: 10    Int: 11    God:
Gold:   34         SH:  0    Dex: 13    Spells: 3/3 levels left

rFire    . . .     GDR:     33% a - +0 mace
rCold    . . .     SeeInvis .   (no shield)
rNeg     + + +     Gourm    .   (armour unavailable)
rPois    +         Faith    .   b - +0 hat
rElec    .         Spirit   +   (no cloak)
rCorr    .         Reflect  .   (gloves unavailable)
MR       .....                  (boots unavailable)
Stlth    ++........             c - amulet of guardian spirit
HPRegen  0.18/turn              (no ring)
MPRegen  0.09/turn              (no ring)

@: very slow
A: large, slow actions, passwall, strong branches, negative energy resistance 3,
poison resistance, slow metabolism 1, torment resistance, unbreathing, AC +11
a: Passwall


You were on level 3 of the Dungeon.
You were very full.

You visited 1 branch of the dungeon, and saw 3 of its levels.

You collected 34 gold pieces.

Inventory:

Hand Weapons
 a - a +0 mace (weapon)
Missiles
 h - a throwing net (quivered) {=f}
Armour
 b - a +0 hat (worn)
Jewellery
 c - an amulet of guardian spirit (around neck)
Scrolls
 d - a scroll of remove curse
 g - a scroll of fog {unknown}
 i - a scroll of identify
Potions
 f - a potion of brilliance {unknown}
 k - a potion of curing {unknown}
Comestibles
 e - 2 rations {!d}
 j - 2 chunks of flesh


   Skills:
 - Level 3.2 Fighting
 * Level 6.7 Maces & Flails
 - Level 2.6 Dodging
 - Level 2.4 Stealth
   Level 2.4 Invocations


You had 3 spell levels left.
You didn't know any spells.
Your spell library was empty.

Dungeon Overview and Level Annotations

Branches:
Dungeon (3/12)

Altars:


Innate Abilities, Weirdness & Mutations

You move and act slowly.
You can pass through walls and trees.
Your branches can wield two-handed weapons with a shield.
Your thick bark is tough. (AC +11)
You are too large for most types of armour.
You are immune to negative energy. (rN+++)
Your system is resistant to poisons. (rPois)
You have a slow metabolism.
You are immune to unholy pain and torment.
You can survive without breathing.


Message History

The ogre hits you with a cursed -3 giant spiked club!
* * * LOW HITPOINT WARNING * * *
You hit the ogre.
You kill the ogre!
The adder bites you.
* * * LOW HITPOINT WARNING * * *
The adder barely misses you.
Your Maces & Flails skill increases to level 6!
You have reached level 4!
You feel clever.
Your bark feels tougher.
You closely miss the adder.
The adder bites you but does no damage. x2
You hit the adder.
The adder is moderately wounded.
The adder closely misses you. The adder bites you.
* * * LOW HITPOINT WARNING * * *
The adder bites you but does no damage.
You hit the adder.
The adder is almost dead.
The adder bites you but does no damage. The adder bites you.
You die...

.......# ###......#### .
+...<....... ..
#.........# ...
#(........# ..... ....
#.......### ....# .....
#.........# ....#
......##.........##....#
......)@..###....#.....#
......S...###(...#.....#
..........##...........#
..........##..........#
..........##.........##
...#########.........#
.## ########.#.....#
#........#.....#
###........#.....#


You could see an adder.

Vanquished Creatures
  An ogre (D:3)
  An adder (D:3)
  An ooze (D:1)
  A worm (D:2)
  A leopard gecko (D:2)
  2 giant cockroaches
  4 hobgoblins
  A bat (D:1)
  2 goblins
  2 kobolds
  2 rats
18 creatures vanquished.

Notes
Turn   | Place    | Note
-------+----------+-------------------------------------------
     0 | D:1      | Amelense the Ent Monk began the quest for the Orb.
     0 | D:1      | Reached XP level 1. HP: 25/25 MP: 2/2
    79 | D:1      | Reached skill level 4 in Maces & Flails
   107 | D:1      | Reached XP level 2. HP: 27/33 MP: 3/3
   325 | D:3      | Reached skill level 5 in Maces & Flails
   387 | D:3      | Reached XP level 3. HP: 34/40 MP: 2/4
   410 | D:3      | Noticed an ogre
   427 | D:3      | Killed an ogre
   427 | D:3      | HP: 1/40 [adder (2)]
   428 | D:3      | Reached skill level 6 in Maces & Flails
   428 | D:3      | Reached XP level 4. HP: 1/49 MP: 0/5
   430 | D:3      | Slain by an adder

Skill      XL: |  1  2  3 |
---------------+----------+-----
Maces & Flails | 4 5 6 |  6.7
Fighting       | |  3.2
Dodging        | |  2.6
Stealth        | |  2.4
Invocations    | |  2.4

Action                   |  1- 3 |  4- 6 || total
-------------------------+-------+-------++-------
Melee: Mace              |    77 |     3 ||    80
  Eat: Ration            |     2 |       ||     2
Armor: Skin              |    67 |     4 ||    71
Dodge: Dodged            |    77 |     1 ||    78
